 Dungeon Crawl Stone Soup version 0.32-a0-913-g739538afd8 (webtiles) character file.

Game seed: 18024328796418147187

2362 jasper the Covert (level 9, 0/45 (57) HPs)
             Began as a Vampire Enchanter on Apr 7, 2024.
             Was a Follower of Ashenzari.
             Shot with an arrow by a centaur (14 damage)
             ... on level 8 of the Dungeon.
             The game lasted 00:11:37 (6174 turns).

jasper the Covert (Vampire Enchanter)               Turns: 6174, Time: 00:11:37

HP:   0/45 (57)     AC:  7    Str:  7    XL:     9   Next: 21%
MP:   4/12          EV: 12    Int: 27    God:    Ashenzari [*.....]
Gold: 107           SH:  0    Dex: 15    Spells: 3/12 levels left

rFire   . . .        k - +3 short sword (flame)
rCold   . . .        (no shield)
rNeg    . . .        b - +0 robe of the Esoteric Loss {Bglg, Elem} (curse)
rPois   +            s - +2 helmet "Scepticism of Ashenzari" {Cun, Melee} (curse)
rElec   .            D - scarf {+Inv}
rCorr   .            K - +0 pair of gloves
SInv    +            R - +0 pair of boots
Will    .....        (no amulet)
Stlth   +++++        g - +6 ring of intelligence
HPRegen 0.47/turn    x - ring of poison resistance
MPRegen 0.13/turn

%: no passive effects
@: very slightly contaminated, healing quickly, studying Hexes, heavily drained,
invisible
A: alive, fangs 3, see invisible, vampiric 2
a: Exsanguinate, Renounce Religion, Evoke Invisibility, Shatter the Chains


You were on level 8 of the Dungeon.
You worshipped Ashenzari.
Ashenzari was aware of your devotion.
You visited 1 branch of the dungeon, and saw 8 of its levels.
You also visited: Sewer.

You collected 507 gold pieces.
You spent 400 gold pieces at shops.

Inventory:

Hand Weapons
 a - a +1 dagger
 k - a +3 short sword of flaming (weapon)
 F - the +3 dagger "Jaumpoq" {pain, rF+ Int+2 Stlth-}
   (You bought it in a shop on level 5 of the Dungeon)

   Int+2:     It affects your intelligence (+2).
   rF+:       It protects you from fire.
   Stlth-:    It makes you less stealthy.
 L - a +0 rapier
 S - the +7 staff of the Meek {protect, meekguard}
   (You found it on level 7 of the Dungeon)
Missiles
 y - a throwing net (quivered)
 Q - a curare-tipped dart
Armour
 b - the cursed +0 robe of the Esoteric Loss (worn) {Bglg, Elem}

   It has a curse which improves the following skills: Beguiling: Hexes and
   Translocations.
   Elements:  Fire Magic, Ice Magic, Air Magic and Earth Magic.
 s - the cursed +2 helmet "Scepticism of Ashenzari" (worn) {Cun, Melee}
   (You found it on level 2 of the Dungeon)

   It has a curse which improves the following skills: Cunning: Dodging and
   Stealth.
   Melee Combat: Short Blades, Long Blades, Axes, Maces & Flails, Polearms,
   Staves and Unarmed Combat.
 t - a +1 cloak
 D - a scarf of invisibility (worn)
 J - a scarf of repulsion
 K - a +0 pair of gloves (worn)
 N - a +2 ring mail of fire resistance
 R - a +0 pair of boots (worn)
 T - a +0 cloak
Magical Staves
 u - a staff of alchemy
Jewellery
 c - a ring of ice
 f - a ring of willpower
 g - a +6 ring of intelligence (left hand)
 j - an amulet of guardian spirit
 p - a ring of protection from fire
 x - a ring of poison resistance (right hand)
Wands
 v - a wand of flame (21)
 M - a wand of paralysis (20)
 P - a wand of digging (7)
Scrolls
 e - a scroll of amnesia
 h - a scroll of poison
 i - 3 scrolls of blinking
 l - 2 scrolls of noise
 n - 4 scrolls of teleportation
 o - a scroll of fog
 q - a scroll of immolation
 C - a scroll of fear
 O - a scroll of identify
Potions
 d - 3 potions of lignification
 m - 3 potions of curing
 r - 2 potions of resistance
 w - 2 potions of enlightenment
 z - a potion of brilliance
 A - a potion of cancellation
 B - a potion of magic
 E - 2 potions of attraction
 G - 2 potions of might
 H - a potion of mutation
 I - a potion of heal wounds


   Skills:
 - Level 4.1(4.8) Short Blades
 - Level 2.1(2.8) Dodging
 - Level 10.0(10.7) Stealth
 - Level 2.0 Spellcasting
 - Level 2.1 Conjurations
 - Level 7.1(7.9) Hexes
 + Level 8.4 Evocations


You had 3 spell levels left.
You knew the following spells:

 Your Spells              Type           Power      Damage    Failure   Level
a - Confusing Touch       Hex            45%        N/A       1%          3
b - Tukima's Dance        Hex            45%        N/A       1%          3
c - Dazzling Flash        Conj/Hex       58%        N/A       3%          3

Your spell library contained the following spells:

 Spells                   Type           Power      Damage    Failure   Level
 Ensorcelled Hibernation  Hex/Ice        48%        N/A       2%          2


Dungeon Overview and Level Annotations

Branches:
Dungeon (8/15)             Temple (0/1) D:7           Sewer (visited)
   Lair: D:8-11

Altars:
Ashenzari
Gozag
Makhleb
Okawaru
Xom

Shops:
D:1 (   D:5 *


Innate Abilities, Weirdness & Mutations

Your natural rate of healing is accelerated.
You have razor-sharp teeth.
You have supernaturally acute eyesight. (SInv)
You are afflicted with vampirism and can become a bat while bloodless.


Message History

The centaur hits you.
The centaur kicks you but does no damage.
Casting: Dazzling Flash (dangerous; 3% risk of failure)
Confirm with . or Enter, or press ? or * to list all spells.
Casting: Dazzling Flash (dangerous; 3% risk of failure)
Press: ? - help, Dir - look around, f - activate The centaur is dazzled. x2; The bullfrog is dazzled.
The bullfrog hits you.
The centaur shoots an arrow.
The arrow hits the bullfrog!
The bullfrog completely misses you. The centaur barely misses you.
The centaur misses you.
The bullfrog hits you but does no damage.
The bullfrog hits you.
* * * LOW HITPOINT WARNING * * *
You take 4 damage, and have 16/57 hp.
You now have 4/12 mp.
You hit the centaur. You burn the centaur.
The centaur is severely wounded.
The centaur misses you.
The centaur kicks you but does no damage.
The bullfrog hits you but does no damage.
The centaur shoots an arrow.
The arrow closely misses the bullfrog.
The arrow barely misses you.
The arrow hits the centaur!
The centaur dies!
You barely miss the bullfrog.
The bullfrog is heavily wounded.
The bullfrog barely misses you.
The centaur shoots an arrow.
The arrow closely misses the bullfrog.
The arrow hits you.
* * * LOW HITPOINT WARNING * * *
The bullfrog misses you.
You take 4 damage, and have 13/57 hp.
Okay, then.
You feel drained.
You fail to use your ability.
The centaur is no longer blind.
The bullfrog hits you but does no damage. x2
The bullfrog closely misses you.
You feel drained.
You fade into invisibility!
You are very lightly contaminated with residual magic.
The centaur shoots an arrow.
The arrow hits the bullfrog.
The bullfrog misses you. The bullfrog barely misses you.
The centaur shoots an arrow.
The arrow misses the bullfrog.
The arrow hits you!
You die...

#.......##.... #.###).....#
.#### #.##..)##..# .....
#.##..)##..####...# .
##.##...##........## ..
##...##......##.........
#.#.#.#...##..#..#.).).#
###.####'####...## ._..#
##♣#...'.....F@Fc...#.).).#
##......#.♣...♣.###.........
##†.♣#..##.♣._.♣.#
##...###..
#...##...#.♣...♣.# ##...#
♣..###...+.......+ #....
.<.# ....####+#### #####
♣..###.### #...##.# ##..♣#.#


You could see 2 bullfrogs and a centaur (unable to see you).

Vanquished Creatures
  A steam dragon (D:8)
  An ice beast (D:7)
  An ogre (D:5)
  A centaur (D:6)
  5 phantoms
  3 kobold brigands
  2 scorpions (D:6)
  2 bullfrogs
  3 killer bees (D:8)
  A howler monkey (D:3)
  3 bombardier beetles
  2 hounds
  2 jellies (D:6)
  5 orc priests
  A sleepcap (D:6)
  Natasha (thrice) (D:2)
  2 iguanas
  7 orc wizards
  6 adders
  A white imp (D:5)
  5 dart slugs
  4 ribbon worms
  12 orcs
  5 ball pythons
  6 bats
  8 endoplasms
  4 giant cockroaches
  5 goblins
  6 hobgoblins
  5 jackals
  5 quokkas (D:4)
  4 frilled lizards
  13 kobolds
  6 rats
140 creatures vanquished.

Vanquished Creatures (collateral kills)
  An ogre (D:6)
1 creature vanquished.

Vanquished Creatures (others)
  A centaur (D:8)
1 creature vanquished.

Grand Total: 142 creatures vanquished

Notes
Turn   | Place    | Note
-------+----------+-------------------------------------------
     0 | D:1      | jasper the Vampire Enchanter began the quest for the Orb.
     0 | D:1      | Reached XP level 1. HP: 13/13 MP: 3/3
   192 | D:1      | Reached skill level 5 in Stealth
   234 | D:1      | Found Beutwep's Weapon Shoppe.
   298 | D:1      | Reached XP level 2. HP: 19/19 MP: 5/5
   443 | D:1      | Reached skill level 6 in Stealth
   875 | D:2      | Gained mutation: You are afflicted with vampirism and can
                  | become a bat while bloodless. [Vampire growth]
   875 | D:2      | Reached XP level 3. HP: 8/24 MP: 6/6
   902 | D:2      | Learned a level 3 spell: Confusing Touch
   906 | D:2      | Learned a level 3 spell: Tukima's Dance
   992 | D:2      | Noticed Natasha
  1014 | D:2      | Reached skill level 7 in Stealth
  1017 | D:2      | Killed Natasha
  1018 | D:2      | Reached XP level 4. HP: 14/30 MP: 7/7
  1177 | D:2      | Reached skill level 8 in Stealth
  1225 | D:2      | Noticed Natasha
  1247 | D:2      | Killed Natasha
  1561 | D:2      | Noticed Natasha
  1567 | D:2      | Killed Natasha
  1568 | D:2      | Reached skill level 9 in Stealth
  1568 | D:2      | Reached XP level 5. HP: 35/35 MP: 8/8
  1574 | D:2      | You fall into a shaft and drop 2 floors!
  1813 | D:4      | Found a glowing drain.
  1817 | Sewer    | Entered a sewer
  1904 | Sewer    | Reached skill level 10 in Stealth
  1913 | Sewer    | Reached XP level 6. HP: 13/41 MP: 9/9
  2110 | D:4      | Learned a level 3 spell: Dazzling Flash
  2661 | D:3      | Reached skill level 1 in Conjurations
  2661 | D:3      | Reached skill level 5 in Hexes
  2819 | D:3      | Reached XP level 7. HP: 46/46 MP: 10/10
  3260 | D:4      | Found a burning altar of Makhleb.
  3453 | D:5      | Entered Level 5 of the Dungeon
  3475 | D:5      | Found a broken altar of Ashenzari.
  3526 | D:5      | Became a worshipper of Ashenzari the Shackled
  3540 | D:5      | Found Pohuysk's Assorted Antiques.
  3545 | D:5      | Bought a potion of curing for 87 gold pieces
  3545 | D:5      | Bought a bubbling yellow potion for 26 gold pieces
  3545 | D:5      | Bought a bubbling green potion for 26 gold pieces
  3545 | D:5      | Bought 2 scrolls labelled CIPAERISTRU for 58 gold pieces
  3687 | D:5      | Reached skill level 1 in Evocations
  3773 | D:5      | Found a shimmering altar of Xom.
  4162 | D:6      | Reached XP level 8. HP: 28/52 MP: 5/11
  4378 | D:6      | Reached skill level 5 in Evocations
  4847 | D:5      | Bought a crystal dagger for 203 gold pieces
  4847 | D:5      | Identified the +3 dagger "Jaumpoq" {pain, rF+ Int+2 Stlth-}
                  | (You bought it in a shop on level 5 of the Dungeon)
  5408 | D:7      | Found a staircase to the Ecumenical Temple.
  5722 | D:7      | Reached * piety under Ashenzari
  5988 | D:7      | Found the +7 staff of the Meek {protect, meekguard}
  5996 | D:7      | Reached XP level 9. HP: 57/57 MP: 12/12
  6098 | D:8      | Found an opulent altar of Gozag.
  6153 | D:8      | Found an iron altar of Okawaru.
  6174 | D:8      | Shot with an arrow by a centaur

Illustrated notes

Levels and vault maps discovered:
D:1:      minmay_arrival_pointy, layout_loops_ring, serial_shops,
          nicolae_shop_bloodbath_and_beyond, minmay_door_square
D:2:      layout_basic, uniq_natasha
D:3:      layout_rooms, minmay_misc_feat_nine_boxes
D:4:      layout_basic, makhleb_heckhound_becter, gup_sewer_entry_spiral
D:5:      layout_cave_pools, mainiacjoe_overflow_alcove_4,
          cheibrodos_ashenzari_chains, serial_shops, nicolae_shop_hallway_plus
D:6:      layout_loops_ring
D:7:      layout_gridville, minmay_temple_entry_mist
D:8:      layout_loops_ring, nicolae_uskayaw_suspiria,
          mainiacjoe_overflow_six_doors_small, okawaru_ov_weapons_minmay,
          hangedman_glass_teeth, minmay_tree_intersection, grunt_ministairs_8,
          nicolae_lava_and_water, kennysheep_generic_room_2, uniq_amaemon

Skill      XL: |  1  2  3  4  5  6  7  8  9 |
---------------+----------------------------+-----
Stealth        | 5 6 7 9 10 | 10.0
Short Blades   | 3 4 |  4.1
Conjurations   | 1 2 |  2.1
Hexes          | 5 7 |  7.1
Evocations     | 3 7 8 |  8.4
Dodging        | |  2.1
Spellcasting   | |  2.0

Action                     |  1- 3 |  4- 6 |  7- 9 || total
---------------------------+-------+-------+-------++-------
  Melee: Dagger            |    78 |       |       ||    78
         Bite              |     8 |     8 |    23 ||    39
         Short sword       |    17 |   119 |   203 ||   339
   Cast: Confusing Touch   |       |     3 |     9 ||    12
         Dazzling Flash    |       |     3 |    18 ||    21
         Tukima's Dance    |       |       |     1 ||     1
 Invoke: Curse Item        |       |       |     2 ||     2
Ability: Evoke Invisibilit |       |       |     1 ||     1
    Use: Scroll            |     3 |     1 |    14 ||    18
         Potion            |     2 |     4 |     1 ||     7
   Stab: Sleeping          |     8 |    18 |    22 ||    48
         Invisible         |     2 |     7 |     6 ||    15
         Confused          |       |     1 |     5 ||     6
         Distracted        |       |     1 |       ||     1
 Armour: Robe              |    43 |    64 |   134 ||   241
  Dodge: Dodged            |    37 |    58 |   136 ||   231

Table legend: (Time is in decaauts)
 A = Elapsed time spent in this place.
 B = Non-inter-level travel time spent in this place.
 C = Inter-level travel time spent in this place.
 D = Time resting spent in this place.
 E = Time spent auto-exploring this place.
 F = Levels seen in this place.
 G = Mean time per level.
                   A        B        C        D        E       F      G
               +--------+--------+--------+--------+--------+-----+--------+
         Total |   6166 |   5929 |    237 |    541 |   3972 |   9 |  685.1 |
       Dungeon |   5978 |   5741 |    237 |    480 |   3925 |   8 |  747.2 |
         Sewer |    187 |    187 |      0 |     61 |     46 |   1 |  187.0 |
               +--------+--------+--------+--------+--------+-----+--------+

Top non-repeatable levels by time:
     D:6: 1310 daAuts
     D:4: 949 daAuts
     D:2: 882 daAuts
     D:1: 856 daAuts
     D:7: 657 daAuts
     D:5: 613 daAuts
     D:3: 610 daAuts
   Sewer: 187 daAuts
     D:8: 98 daAuts
